 Dungeon Crawl Stone Soup version 0.26.1-2-gb8aa6d0cf2 (webtiles) character file.

Game seed: 6268332939921738724

6490 Gadfly the Chucker (level 11, -5/107 HPs)
             Began as an Ogre Monk on Feb 14, 2021.
             Was a High Priest of Okawaru.
             Killed from afar by a gargoyle (14 damage)
             ... with a stone arrow
             ... on level 10 of the Dungeon.
             The game lasted 00:17:08 (14144 turns).

Gadfly the Chucker (Ogre Monk)                     Turns: 14144, Time: 00:17:08

Health: -5/107     AC:  6    Str: 25    XL:     11   Next: 0%
Magic:  14/15      EV: 13    Int: 11    God:    Okawaru [*****.]
Gold:   374        SH:  0    Dex: 11    Spells: 10/10 levels left

rFire    . . .     SeeInvis +   a - +8 mace of Pikkacs {drain, Str+5}
rCold    . . .     Faith    .   (no shield)
rNeg     + . .     Spirit   .   g - +1 robe {rN+}
rPois    .         Reflect  .   f - +0 hat
rElec    .         Harm     .   u - +0 cloak
rCorr    .         Rampage  .   (gloves unavailable)
Will     +....                  (boots unavailable)
Stlth    +++.......             (no amulet)
HPRegen  0.27/turn              E - ring of see invisible
MPRegen  0.14/turn              (no ring)

@: heroism
A: large, unfitting armour, tough skin 1
a: Renounce Religion, Heroism, Finesse


You were on level 10 of the Dungeon.
You worshipped Okawaru.
Okawaru was extremely pleased with you.
You visited 2 branches of the dungeon, and saw 11 of its levels.

You collected 647 gold pieces.
You spent 273 gold pieces at shops.

Inventory:

Hand Weapons
 a - the +8 mace of Pikkacs (weapon) {drain, Str+5}
   (You found it on level 5 of the Dungeon)

   A truly terrible weapon, it drains the life of those it strikes.
   It affects your strength (+5).
 b - a +2 hand axe of electrocution
 k - a +1 dagger of venom
 t - a +4 quarterstaff of chaos
 z - a +0 morningstar
 C - the +9 falchion of Bipto {flame, rF+}
   (You found it on level 8 of the Dungeon)

   It has been specially enchanted to burn those struck by it, causing extra
   injury to most foes and up to half again as much damage against particularly
   susceptible opponents.
   Big, fiery blades are also staple armaments of hydra-hunters.
   It protects you from fire.
Missiles
 p - 2 throwing nets
 x - 10 boomerangs (quivered)
 y - 9 large rocks
Armour
 f - a +0 hat (worn)
 g - a +1 robe of positive energy (worn)
 u - a +0 cloak (worn)
Jewellery
 w - an uncursed ring of fire
 E - a ring of see invisible (left hand)
Wands
 j - a wand of paralysis (9)
 s - a wand of polymorph (16)
 B - a wand of random effects (7)
Scrolls
 c - 6 scrolls of identify
 d - a scroll of blinking
 e - 6 scrolls of remove curse
 r - a scroll of magic mapping
 v - a scroll of enchant armour
 A - 2 scrolls of enchant weapon
 D - a scroll of fog
Potions
 h - 4 potions of haste
 i - 4 potions of curing
 l - a potion of might
 m - 2 potions of flight
 n - a potion of mutation
 o - 2 potions of ambrosia
 q - 3 potions of attraction
 F - a potion of heal wounds


   Skills:
 + Level 6.8(11.8) Fighting
 * Level 6.8(11.8) Maces & Flails
 + Level 7.2(12.2) Throwing
 * Level 6.1(11.1) Armour
 - Level 2.6(7.6) Dodging
 - Level 1.4(6.4) Stealth
 + Level 6.5 Invocations
 * Level 6.2 Evocations


You had 10 spell levels left.
You didn't know any spells.
Your spell library contained the following spells:

 Spells                   Type           Power        Failure   Level
 Beastly Appendage        Tmut           0%           34%         1
 Corona                   Hex            0%           34%         1
 Magic Dart               Conj           0%           34%         1
 Blink                    Tloc           N/A          47%         2
 Call Imp                 Summ           0%           47%         2
 Slow                     Hex            0%           47%         2
 Wereblood                Tmut           0%           47%         2
 Conjure Flame            Conj/Fire      0%           71%         3
 Inner Flame              Hex/Fire       0%           71%         3
 Mephitic Cloud           Conj/Pois/Air  0%           71%         3
 Portal Projectile        Hex/Tloc       0%           71%         3
 Spider Form              Tmut/Pois      0%           71%         3
 Cause Fear               Hex            0%           98%         4
 Ice Form                 Ice/Tmut       0%           98%         4
 Leda's Liquefaction      Hex/Erth       0%           98%         4
 Blade Hands              Tmut           0%           100%        5


Dungeon Overview and Level Annotations

Branches:
Dungeon (10/15)            Temple (1/1) D:4
   Lair: D:8-11         Orc: D:9-12

Altars:
Ashenzari
Cheibriados
Elyvilon
Fedhas
Gozag
Makhleb
Nemelex Xobeh
Okawaru
Qazlal
Ru
Sif Muna
Trog
Uskayaw
Vehumet
Wu Jian
Yredelemnul
Zin

Shops:
D:4 [*[!   D:6 (


Innate Abilities, Weirdness & Mutations

You are too large for most types of armour.
You have tough skin. (AC +1)


Message History

Your +2 hand axe of electrocution stops crackling.
You feel stronger.
You sense an unholy aura.
a - the +8 mace of Pikkacs (weapon)
{drain, Str+5} The gargoyle hits you with a +0 mace!
Okay, then.
You gain the combat prowess of a mighty hero.
You hit the gargoyle but do no damage. The gargoyle hits you with a +0 mace!
You barely miss the gargoyle. The gargoyle hits you with a +0 mace!!
* * * LOW HITPOINT WARNING * * *
You hit the gargoyle but do no damage.
Okay, then.
The gargoyle barely misses you.
The gargoyle hurls a stone arrow at you.
The stone arrow hits you!
* * * LOW HITPOINT WARNING * * *
You feel better.
The gargoyle hurls a stone arrow at you.
The stone arrow hits you!
You die...

.................
....................
....................
....................
.......)............
.................#
.................#
..............>?.#
.......@.9.<.....#
##################


You could see a gargoyle.

Vanquished Creatures
  Gastronok (D:8)
  Joseph (D:9)
  A hornet (D:9)
  Sigmund (D:5)
  4 water moccasins
  2 sky beasts
  3 ice beasts
  2 orc warriors (D:8)
  A necrophage (D:9)
  A phantom (D:9)
  4 ogres
  9 centaurs
  8 bullfrogs
  A gnoll sergeant (D:5)
  A scorpion (D:5)
  4 killer bees (D:8)
  A water moccasin skeleton (D:5)
  3 wights (D:7)
  3 howler monkeys (D:9)
  4 jellies
  2 bullfrog zombies
  An orc priest (D:8)
  2 hounds
  4 iguanas
  3 orc wizards
  A bullfrog skeleton (D:9)
  Ijyb (D:5)
  4 worker ants
  A killer bee zombie (D:6)
  2 hound zombies (D:7)
  2 hound skeletons (D:5)
  2 howler monkey zombies
  2 worker ant zombies
  11 adders
  2 howler monkey skeletons (D:8)
  7 gnolls
  A shadow imp (D:5)
  A white imp (D:5)
  2 ufetubi
  An adder skeleton (D:5)
  3 worms
  2 dart slugs
  8 leopard geckos
  24 orcs
  A ball python (D:1)
  5 bats
  11 giant cockroaches
  11 goblins
  8 hobgoblins
  4 kobolds
  4 quokkas
  4 frilled lizards
  2 quokka skeletons
  11 rats
205 creatures vanquished.

Vanquished Creatures (others)
  5 plants (D:4)
5 creatures vanquished.

Grand Total: 210 creatures vanquished

Notes
Turn   | Place    | Note
-------+----------+-------------------------------------------
     0 | D:1      | Gadfly the Ogre Monk began the quest for the Orb.
     0 | D:1      | Reached XP level 1. HP: 24/24 MP: 1/1
    73 | D:1      | Reached XP level 2. HP: 9/32 MP: 2/2
   600 | D:1      | Reached skill level 1 in Invocations
  1058 | D:2      | Reached XP level 3. HP: 39/39 MP: 3/3
  1185 | D:2      | Reached skill level 1 in Armour
  1194 | D:2      | Reached skill level 1 in Throwing
  1194 | D:2      | Reached skill level 1 in Evocations
  1379 | D:2      | Found a white marble altar of Elyvilon.
  1536 | D:2      | Found a burning altar of Makhleb.
  1811 | D:2      | Reached XP level 4. HP: 47/48 MP: 5/5
  2428 | D:3      | Noticed an ogre
  2433 | D:3      | Killed an ogre
  2434 | D:3      | Reached skill level 2 in Throwing
  2434 | D:3      | Reached XP level 5. HP: 54/54 MP: 6/6
  2573 | D:3      | Found a hide-covered altar of Uskayaw.
  3343 | D:4      | Found Pironiw's Distillery.
  3351 | D:4      | Bought a potion of heal wounds for 50 gold pieces
  3351 | D:4      | Bought a potion of might for 40 gold pieces
  3351 | D:4      | Bought a potion of flight for 30 gold pieces
  3686 | D:4      | Noticed an ogre
  3693 | D:4      | Killed an ogre
  3694 | D:4      | Reached XP level 6. HP: 41/62 MP: 6/8
  4213 | D:4      | Found Siteire's Assorted Antiques.
  4217 | D:4      | Found Tohaxzot's Armour Shop.
  4221 | D:4      | Bought a fuming orange potion for 23 gold pieces
  4543 | D:4      | Found Umoir's Antique Armour Emporium.
  4666 | D:4      | Found a staircase to the Ecumenical Temple.
  4817 | Temple   | Entered the Ecumenical Temple
  4824 | Temple   | Became a worshipper of Warmaster Okawaru
  4824 | Temple   | Reached * piety under Okawaru
  4824 | Temple   | Reached ** piety under Okawaru
  4877 | D:4      | Bought a lumpy emerald amulet for 130 gold pieces
  4925 | D:5      | Entered Level 5 of the Dungeon
  4943 | D:5      | Reached skill level 3 in Throwing
  4943 | D:5      | Reached XP level 7. HP: 69/70 MP: 9/9
  4987 | D:5      | Noticed Sigmund
  4994 | D:5      | Killed Sigmund
  5692 | D:5      | Noticed a moth of wrath
  5694 | D:5      | Found a bloodstained altar of Trog.
  5741 | D:5      | Got an ancient dagger
  5744 | D:5      | Identified the cursed +3 dagger of Indignation {vamp,
                  | Dex+4} (You found it on level 5 of the Dungeon)
  5845 | D:5      | Found a runed translucent door.
  5846 | D:5      | Noticed Crazy Yiuf
  6128 | D:5      | Reached XP level 8. HP: 41/78 MP: 11/11
  6585 | D:5      | Noticed Ijyb
  6592 | D:5      | Killed Ijyb
  6702 | D:5      | Noticed Crazy Yiuf
  6702 | D:5      | Crazy Yiuf changed into Crazy Yiuf the iguana
  6711 | D:5      | Killed Crazy Yiuf the iguana
  6722 | D:5      | Got a bloodstained mace
  6723 | D:5      | Identified the +8 mace of Pikkacs {drain, Str+5} (You found
                  | it on level 5 of the Dungeon)
  6835 | D:6      | Reached skill level 4 in Throwing
  6857 | D:6      | Reached *** piety under Okawaru
  7666 | D:6      | Reached skill level 5 in Invocations
  7666 | D:6      | Reached XP level 9. HP: 46/87 MP: 12/12
  7956 | D:6      | Found Jugos's Weapon Shoppe.
  8087 | D:6      | Reached skill level 5 in Throwing
  8542 | D:7      | Reached **** piety under Okawaru
  8543 | D:7      | Reached skill level 5 in Fighting
  8751 | D:7      | Reached skill level 5 in Maces & Flails
  8753 | D:7      | Found a sacrificial altar of Ru.
  8802 | D:7      | Received a gift from Okawaru
 10813 | D:7      | Found a glowing silver altar of Zin.
 10814 | D:7      | Noticed an angel
 11032 | D:8      | Reached skill level 5 in Evocations
 11036 | D:8      | Reached skill level 5 in Armour
 11135 | D:8      | Noticed Gastronok
 11163 | D:8      | Reached skill level 6 in Throwing
 11472 | D:8      | Killed Gastronok
 11473 | D:8      | Reached XP level 10. HP: 20/98 MP: 14/14
 12197 | D:8      | Got an ichor-stained falchion
 12198 | D:8      | Identified the +9 falchion of Bipto {flame, rF+} (You found
                  | it on level 8 of the Dungeon)
 12860 | D:9      | Found a stormy altar of Qazlal.
 12935 | D:9      | Paralysed by a hornet for 2 turns
 12939 | D:9      | Paralysed by a hornet for 3 turns
 12946 | D:9      | Reached ***** piety under Okawaru
 12954 | D:9      | Received a gift from Okawaru
 12955 | D:9      | Reached skill level 7 in Throwing
 13640 | D:9      | Found a blossoming altar of Fedhas.
 13640 | D:9      | Found a shimmering blue altar of Sif Muna.
 13640 | D:9      | Found an ornate altar of the Wu Jian Council.
 13640 | D:9      | Found a basalt altar of Yredelemnul.
 13646 | D:9      | Noticed Joseph
 13658 | D:9      | Killed Joseph
 13855 | D:9      | Found a radiant altar of Vehumet.
 13855 | D:9      | Found an opulent altar of Gozag.
 14073 | D:9      | Found a snail-covered altar of Cheibriados.
 14073 | D:9      | Found a sparkling altar of Nemelex Xobeh.
 14086 | D:10     | Entered Level 10 of the Dungeon
 14090 | D:9      | Received a gift from Okawaru
 14091 | D:9      | Reached XP level 11. HP: 107/107 MP: 15/15
 14142 | D:10     | HP: 1/107 [gargoyle/stone arrow (16)]
 14144 | D:10     | Killed from afar by a gargoyle

Illustrated notes

Levels and vault maps discovered:
D:1:      psy_arrival_whirlpool, layout_loops_ring, minmay_surrounded
D:2:      layout_rooms, lemuel_coloured_pillars_altar, elyvilon_altar_5
D:3:      layout_basic, general_overflow_altar
D:4:      layout_loops_cross, minmay_temple_entry_poolview, serial_shops,
          nicolae_shop_overgrown_old_shop, shop_coins, shop_statue,
          nicolae_shop_behind_doors, saegor_snake_ambush
D:5:      layout_cave_pools, tgw_trog, uniq_ijyb, uniq_crazy_yiuf_cottage,
          uniq_sigmund
D:6:      layout_loops_ring, serial_shops, shop
D:7:      layout_basic, kennysheep_little_box, zin_angel, centaur_isle
D:8:      layout_cave_pools, uniq_gastronok
D:9:      layout_roguey, minmay_overflow_temple_hex,
          gammafunk_temple_overflow_statue, nicolae_qazlal_general_emergency,
          uniq_joseph
D:10:     layout_long_grid, lair_entry_dummy, enter_trove_6, serial_shops,
          kennysheep_mini
Temple:   compressed_dpeg_triangle_lava_temple

Skill      XL: |  1  2  3  4  5  6  7  8  9 10 |
---------------+-------------------------------+-----
Invocations    | 1 2 3 4 5 6 |  6.5
Armour         | 1 2 3 4 5 6 |  6.1
Throwing       | 1 2 3 4 6 7 |  7.2
Evocations     | 1 2 3 4 5 6 |  6.2
Maces & Flails | 3 4 6 |  6.8
Fighting       | 6 |  6.8
Dodging        | |  2.6
Stealth        | |  1.4

Action                   |  1- 3 |  4- 6 |  7- 9 | 10-12 || total
-------------------------+-------+-------+-------+-------++-------
Melee: Mace              |    79 |       |   161 |   116 ||   356
       Hand axe          |    21 |   132 |   105 |     7 ||   265
       Flail             |    12 |       |     6 |       ||    18
       Punch             |       |       |     2 |       ||     2
Throw: Stone             |     3 |     3 |     5 |       ||    11
       Boomerang         |       |       |    54 |    31 ||    85
Invok: Heroism           |       |       |     1 |     1 ||     2
Evoke: Wand              |       |       |     1 |       ||     1
  Use: Scroll            |     2 |    12 |     3 |     2 ||    19
       Potion            |       |       |     3 |     3 ||     6
 Stab: Sleeping          |     3 |     1 |     6 |     1 ||    11
Armor: Robe              |    32 |    41 |    66 |    35 ||   174
       Skin              |       |       |    24 |    14 ||    38
Dodge: Dodged            |    72 |    74 |   165 |    61 ||   372
